AoeStats
← MAXIMO MERIDIO

Arabia

509477394Analyzed
1v1 RM · 6d ago on Sep 26, 2026· 30m 5s· 2 players
Game mode
Random Map
Map size
Tiny (2 player)
Population
200
Speed
Normal
Resources
Standard
Victory
Conquest
Starting age
Dark Age
Ending age
Imperial Age
RankedLock teamsTeams togetherTeam positionsShared explorationLock speedFull tech treeHidden civsTurbo modeCheats
Victory
Defeat
🇲🇽 Mongols · Mexico
1623
+11
🇧🇷 Japanese · Brazil
1502
-11
Curupira
6:25 Loom
8:53 Feudal Age
8:57 Man-at-Arms
9:30 Double-Bit Axe
14:56 Fletching
20:49 Horse Collar
23:34 Castle Age
21:54 Gold Mining
23:25 Bloodlines
24:13 Bodkin Arrow
25:05 Bow Saw
25:54 Ballistics
26:22 Padded Archer Armor
28:22 Leather Archer Armor
MAXIMO MERIDIO
5:42 Loom
9:02 Feudal Age
12:18 Fletching
23:39 Castle Age
23:13 Padded Archer Armor
23:27 Bloodlines
23:24 Horse Collar
24:21 Bodkin Arrow
24:13 Double-Bit Axe
26:47 Leather Archer Armor
27:54 Ballistics
Connection lost

Rejoining the realm…

Still unreachable

The connection could not be restored.

Session expired

The server has moved on; the page needs a fresh start.